cohdb
Replays
Latest Replays
All Replays
Popular Replays
Top Player Replays
Match Explorer
How It Works
Community
CoH3 Stats
Reddit
Sign in to upload your games and track your stats! →
Sign in with Steam
Match 47279349
Unlisted
Match 47279349
Overview
Messages
Build Orders
End
Scout Squad
Construct Barracks
Riflemen Squad
Riflemen Squad
Riflemen Squad
Grenade Package
Construct Weapon Support Center
Selects Heavy Weapons
Selects Heavy Weapons
Selects Heavy Weapons
Infantry Support Center
Bazooka Squad
M3 Armored Personnel Carrier
Selects Assault Carriers
Construct Medical Station
Engineer Squad
Selects Exchangeable Parts
M1918 Browning Automatic Rifles
Akkerman
HulkSMASH
0
0
Comments
sign in to comment!
No comments posted yet!